 Dungeon Crawl Stone Soup version 0.26-a0-962-g9b92081034 (webtiles) character file.

Game seed: 706102653855278274

146 Dracia the Poker (level 5, -5/57 HPs)
             Began as a Demonspawn Warper on Dec 2, 2020.
             Killed by nerve-wracking pain
             ... invoked by Grinder
              (9 damage)
             ... on level 3 of the Dungeon.
             The game lasted 00:04:15 (2978 turns).

Dracia the Poker (Demonspawn Warper)                Turns: 2978, Time: 00:04:15

Health: -5/57      AC:  4    Str: 12    XL:     5   Next: 7%
Magic:  8/8        EV: 12    Int: 14    God:
Gold:   162        SH:  0    Dex: 13    Spells: 0/8 levels left

rFire    . . .     SeeInvis .   a - +1 spear
rCold    + . .     Faith    .   (no shield)
rNeg     . . .     Spirit   .   b - +0 leather armour
rPois    .         Reflect  .   (helmet restricted)
rElec    .         Harm     .   (no cloak)
rCorr    .         Rampage  .   (no gloves)
MR       .....                  c - +0 pair of boots (curse)
Stlth    ..........             h - amulet of inaccuracy (curse)
HPRegen  0.19/turn              l - ring of attention (curse)
MPRegen  0.11/turn              m - +4 ring of slaying

@: berserking (expiring), very quick
A: antennae 1, cold resistance 1
a: no special abilities


You were on level 3 of the Dungeon.
You visited 1 branch of the dungeon, and saw 3 of its levels.

You collected 162 gold pieces.


Innate Abilities, Weirdness & Mutations

You have a pair of small antennae on your head.
Your flesh is cold resistant. (rC+)


   Skills:
 - Level 2.0 Fighting
 * Level 4.1 Polearms
 - Level 0.8 Throwing
 - Level 0.8 Armour
 - Level 1.7 Dodging
 - Level 2.0 Spellcasting
 + Level 3.7 Translocations


You couldn't memorise any spells.
You knew the following spells:

 Your Spells              Type           Power        Failure   Level
a - Blink                 Tloc           N/A          10%         2
b - Gell's Gravitas       Tloc           ##........   21%         3
c - Lesser Beckoning      Tloc           ##........   21%         3

Your spell library contained the following spells:

 Spells                   Type           Power        Failure   Level
 Teleport Other           Tloc           ##......     21%         3
 Magic Dart               Conj           #...         30%         1
 Call Imp                 Summ           #.......     41%         2
 Slow                     Hex            #.......     41%         2
 Passage of Golubria      Tloc           N/A          54%         4
 Conjure Flame            Conj/Fire      #.......     65%         3
 Mephitic Cloud           Conj/Pois/Air  #.......     65%         3

Inventory:

Hand Weapons
 a - a +1 spear (weapon)
Missiles
 f - 5 boomerangs (quivered)
Armour
 b - a +0 leather armour (worn)
 c - a cursed +0 pair of boots (worn)
 k - a +1 helmet
Jewellery
 g - a +6 ring of intelligence
 h - a cursed amulet of inaccuracy (around neck)
 l - a cursed ring of attention (left hand)
 m - a +4 ring of slaying (right hand)
Scrolls
 d - 2 scrolls of blinking
 i - 3 scrolls of identify {@r1}
 n - 3 scrolls of teleportation {@r4}
Potions
 e - 2 potions of attraction {unknown}

Dungeon Overview and Level Annotations

Branches:
Dungeon (3/15)

Altars:
Elyvilon
Fedhas
Yredelemnul

Annotations:
D:3 1 runed translucent door, Crazy Yiuf, Grinder

##### ###
#..)# ##.##
#...#
##...## ...
##>....####
#+#
#.........
♣♣.♣
#..5..#
♣.♣♣ #.@$#
♣♣.♣ ##.##
♣.♣♣ #.#
♣♣.♣♣ ##.##
♣...♣♣
#...#
♣....♣
#...#
#....#
#...#
#....#
###.#
##...# #.#
##.##


You could see Grinder.


Message History

You feel yourself moving faster!
You feel mighty! Grinder gestures at you. Pain shoots through your body!
* * * LOW HITPOINT WARNING * * *
You closely miss Grinder.
Grinder is moderately wounded.
You closely miss Grinder.
Grinder is moderately wounded.
Grinder gestures at you.
You suddenly lose the ability to move!
Grinder hits you!
* * * LOW HITPOINT WARNING * * *
You writhe in agony.
* * * LOW HITPOINT WARNING * * *
Grinder blinks!
You can move again.
Grinder barely misses you.
You closely miss Grinder.
Grinder is moderately wounded.
You barely miss Grinder.
Grinder is moderately wounded.
Grinder gestures at you. You resist with significant effort.
You barely miss Grinder.
Grinder is moderately wounded.
You puncture Grinder!
Grinder is severely wounded.
Grinder gestures at you. Pain shoots through your body!
You die...

Skill      XL: |  1  2  3  4 |
---------------+-------------+-----
Polearms       | 2 3 4 |  4.1
Translocations | 3 |  3.7
Fighting       | |  2.0
Throwing       | |  0.8
Armour         | |  0.8
Dodging        | |  1.7
Spellcasting   | |  2.0

Action                   |  1- 3 |  4- 6 || total
-------------------------+-------+-------++-------
Melee: Spear             |   122 |   148 ||   270
Throw: Boomerang         |    13 |       ||    13
  Use: Scroll            |     4 |     2 ||     6
       Potion            |     3 |     1 ||     4
Armor: Leather armour    |    36 |    30 ||    66
Dodge: Dodged            |    71 |    72 ||   143

Levels and vault maps discovered:
D:1:      wander_arrival_desolate, layout_basic
D:2:      layout_loops_corners, fedhas_altar_3,
          yredelemnul_forgotten_temple_becter, uniq_terence, uniq_robin
D:3:      layout_loops_ring, elyvilon_altar_5, minivault_24,
          lemuel_blue_sif_altar, uniq_grinder, uniq_crazy_yiuf_cottage

Notes
Turn   | Place    | Note
-------+----------+-------------------------------------------
     0 | D:1      | Dracia the Demonspawn Warper began the quest for the Orb.
     0 | D:1      | Reached XP level 1. HP: 16/16 MP: 3/3
    31 | D:1      | Reached skill level 2 in Polearms
   324 | D:1      | Gained mutation: Your flesh is cold resistant. (rC+)
                  | [demonic ancestry]
   324 | D:1      | Reached XP level 2. HP: 22/22 MP: 5/5
   744 | D:1      | Reached skill level 3 in Translocations
  1046 | D:2      | Found a blossoming altar of Fedhas.
  1135 | D:2      | Reached XP level 3. HP: 26/27 MP: 6/6
  1302 | D:2      | Noticed Terence
  1356 | D:2      | Killed Terence
  1357 | D:2      | Reached skill level 3 in Polearms
  1855 | D:2      | Reached XP level 4. HP: 33/33 MP: 7/7
  1925 | D:2      | Noticed Robin
  1944 | D:2      | Killed Robin
  2093 | D:2      | Found a basalt altar of Yredelemnul.
  2518 | D:3      | Found a white marble altar of Elyvilon.
  2815 | D:3      | Reached skill level 4 in Polearms
  2815 | D:3      | Gained mutation: You have a pair of small antennae on your
                  | head. [demonic ancestry]
  2815 | D:3      | Reached XP level 5. HP: 32/38 MP: 8/8
  2838 | D:3      | Learned a level 2 spell: Blink
  2842 | D:3      | Learned a level 3 spell: Gell's Gravitas
  2846 | D:3      | Learned a level 3 spell: Lesser Beckoning
  2913 | D:3      | Found a runed translucent door.
  2914 | D:3      | Noticed Crazy Yiuf
  2958 | D:3      | Noticed Grinder
  2970 | D:3      | Paralysed by Grinder for 3 turns
  2971 | D:3      | HP: 3/57 [Grinder (5)]
  2978 | D:3      | Killed from afar by Grinder

Vanquished Creatures
  A bullfrog skeleton (D:3)
  Terence (D:2)
  Robin (D:2)
  2 adders
  A worm (D:3)
  3 leopard geckos
  3 ball pythons (D:2)
  6 bats
  A giant cockroach (D:2)
  14 goblins
  6 hobgoblins
  3 frilled lizards
  8 kobolds
  4 rats
  A spectral orc (D:2)
55 creatures vanquished.

Table legend: (Time is in decaauts)
 A = Elapsed time spent in this place.
 B = Non-inter-level travel time spent in this place.
 C = Inter-level travel time spent in this place.
 D = Time resting spent in this place.
 E = Time spent auto-exploring this place.
 F = Levels seen in this place.
 G = Mean time per level.
                   A        B        C        D        E       F      G
               +--------+--------+--------+--------+--------+-----+--------+
         Total |   2962 |   2924 |     38 |      0 |   2471 |   3 |  987.3 |
       Dungeon |   2962 |   2924 |     38 |      0 |   2471 |   3 |  987.3 |
               +--------+--------+--------+--------+--------+-----+--------+

Top non-repeatable levels by time:
     D:2: 1316 daAuts
     D:1: 1028 daAuts
     D:3: 617 daAuts

Table legend:
 A = Non-vault XP
 B = Vault XP
 C = Vault XP percentage of total XP
 D = Non-vault monster count
 E = Vault monster count
 F = Vault count percentage of total count
                 A         B        C        D         E       F
            +---------+---------+-------+---------+---------+-------
      Total |     138 |      71 |  34.0 |      43 |      12 |  21.8
            +---------+---------+-------+---------+---------+-------
        D:1 |      28 |       0 |   0.0 |      16 |       0 |   0.0
        D:2 |      39 |      71 |  64.5 |      17 |      12 |  41.4
        D:3 |      71 |       0 |   0.0 |      10 |       0 |   0.0
            +---------+---------+-------+---------+---------+-------
